 Dungeon Crawl Stone Soup version 0.31-a0-355-g57cb03d3e8 (webtiles) character file.

Game seed: 5888072126762278223

18007 HallandMoats the Victor of a Thousand Battles (level 12, -10/162 HPs)
             Began as a Demonspawn Fighter on July 24, 2023.
             Was the Champion of Okawaru.
             Mangled by a skeletal warrior
             ... wielding a +1 dire flail
              (17 damage)
             ... on level 14 of the Dungeon.
             The game lasted 00:26:17 (13021 turns).

HallandMoats (DsFi)                                Turns: 13021, Time: 00:26:17

Health: -10/162    AC: 17    Str: 19    XL:     12   Next: 23%
Magic:  0/26       EV: 13    Int: 12    God:    Okawaru [******]
Gold:   919        SH:  0    Dex: 13    Spells: 11/11 levels left

rFire   . . .        K - +3 lajatang (spect)
rCold   . . .        (shield currently unavailable)
rNeg    . . .        r - +0 troll leather armour
rPois   .            (helmet restricted)
rElec   .            d - +0 cloak
rCorr   .            v - +1 pair of gloves
SInv    .            e - +0 pair of boots
Will    +....        J - amulet of guardian spirit Stlth
                     j - +4 ring of slaying
HPRegen 1.27/turn    C - +4 ring of protection
MPRegen 0.20/turn

%: guardian spirit
@: berserking, heroic, studying Invocations, very quick
A: horns 2, yellow scales 2, powered by death 1, demonic magic 2, demonic
willpower
a: Renounce Religion, Heroism, Finesse, Duel


You were on level 14 of the Dungeon.
You worshipped Okawaru.
Okawaru was exalted by your worship.
You visited 2 branches of the dungeon, and saw 15 of its levels.
You also visited: Bailey.

You collected 967 gold pieces.
You spent 48 gold pieces at shops.

Inventory:

Hand Weapons
 a - a +0 long sword
 t - the +4 short sword of Tuipp {drain, rPois MP+9 Str+5 Stlth+}
   (You found it on level 5 of the Dungeon)

   Str:       It affects your strength (+5).
   rPois:     It protects you from poison.
   MP:        It affects your magic capacity (+9).
   Stlth:     It makes you more stealthy.
 u - a +5 trident of venom
 K - a +3 spectral lajatang (weapon)
 L - a +2 war axe of flaming
 M - a +10 spear
Missiles
 o - 2 throwing nets
Armour
 c - a +0 buckler
 d - a +0 cloak (worn)
 e - a +0 pair of boots (worn)
 r - a +0 troll leather armour (worn)
 v - a +1 pair of gloves (worn)
Jewellery
 j - a +4 ring of slaying (left hand)
 w - an amulet of reflection
 C - a +4 ring of protection (right hand)
 H - a ring of ice
 I - an amulet of regeneration
 J - an amulet of guardian spirit (around neck)
Wands
 b - a wand of flame (29)
 m - a wand of roots (7)
 E - a wand of digging (6)
Scrolls
 f - 7 scrolls of fog
 h - 4 scrolls of immolation
 l - 5 scrolls of poison
 q - a scroll of amnesia
 x - 2 scrolls of torment
 y - a scroll of enchant armour
 B - a scroll of revelation
 F - a scroll of teleportation
Potions
 g - 2 potions of lignification
 i - 2 potions of curing
 k - 2 potions of enlightenment
 p - 4 potions of mutation
 s - 2 potions of magic
 A - a potion of might
 D - 2 potions of haste {unknown}
 G - a potion of cancellation {unknown}


   Skills:
 + Level 14.6(19.6) Fighting
 - Level 1.7(6.7) Long Blades
 - Level 2.6(7.6) Armour
 - Level 2.6(7.6) Shields
 + Level 20.6 Invocations


You had 11 spell levels left.
You didn't know any spells.
Your spell library contained the following spells:

 Spells                   Type           Power      Damage    Failure   Level
 Freeze                   Ice            0%         1d3       36%         1
 Necrotise                Necr           0%         1d4       36%         1
 Sandblast                Erth           0%         2d4       36%         1
 Blink                    Tloc           0%         N/A       50%         2
 Lesser Beckoning         Tloc           0%         N/A       50%         2
 Momentum Strike          Conj/Tloc      0%         3d8       50%         2
 Passwall                 Tmut/Erth      0%         N/A       50%         2
 Frozen Ramparts          Ice            0%         1d1       75%         3
 Hailstorm                Conj/Ice       0%         3d3       75%         3
 Portal Projectile        Hex/Tloc       0%         N/A       75%         3
 Stone Arrow              Conj/Erth      0%         3d7       75%         3
 Vampiric Draining        Necr           0%         2d6       75%         3
 Cause Fear               Hex            0%         N/A       98%         4
 Iskenderun's Mystic Bla  Conj/Tloc      0%         2d3       98%         4
 Agony                    Necr           0%         N/A       100%        5
 Fireball                 Conj/Fire      0%         3d3       100%        5
 Iskenderun's Battlesphe  Conj           0%         2d6       100%        5
 Conjure Ball Lightning   Conj/Air       0%         3x3d6     100%        6
 Orb of Destruction       Conj           0%         9d5       100%        7
 Tukima's Dance           Hex            Unusable   N/A       N/A         3
 Dragon's Call            Summ           Unusable   N/A       N/A         9

Dungeon Overview and Level Annotations

Branches:
Dungeon (14/15)            Temple (1/1) D:4            Lair (0/5) D:10
    Orc (0/2) D:10         Bailey (visited)
 Vaults: D:13-14

Altars:
Ashenzari
Cheibriados
Dithmenos
Fedhas
Gozag
Hepliaklqana
Kikubaaqudgha
Makhleb
Nemelex Xobeh
Okawaru
Qazlal
Ru
Sif Muna
Trog
Uskayaw
Vehumet
Wu Jian
Xom
Yredelemnul
Jiyva

Shops:
D:2 =   D:7 ![[(   D:10 ?   D:14 ?

Annotations:
D:8 3 runed translucent doors, olmar's ghost, novice DgSh


Innate Abilities, Weirdness & Mutations

You have a pair of horns on your head.
You are mostly covered in yellow scales. (AC +3)
You regenerate a little health from kills.
Spells you cast may paralyse nearby enemies.
You punish those that try to bend your will. (Will+)


Message History

The skeletal warrior hits you with a +0 mace!
The skeletal warrior hits you with a +1 dire flail!!
You climb downwards.
There is a stone staircase leading up here.
The skeletal warrior attacks as you move away!
The skeletal warrior hits you but does no damage.
The skeletal warrior attacks as you move away!
The skeletal warrior closely misses you.
You gain the combat prowess of a mighty hero.
The skeletal warrior hits you with a +1 dire flail!!
* * * LOW HITPOINT WARNING * * *
Okay, then.
Found Vetzeifo's Magic Scroll Emporium.
The skeletal warrior attacks as you move away!
The skeletal warrior hits you with a +1 dire flail!
* * * LOW HITPOINT WARNING * * *
The skeletal warrior attacks as you move away!
The skeletal warrior misses you.
A red film seems to cover your vision as you go berserk!
You feel yourself moving faster!
You feel mighty!
The skeletal warrior hits you with a +1 dire flail!
* * * LOW HITPOINT WARNING * * *
You slash the skeletal warrior!
You headbutt the skeletal warrior, but do no damage.
The skeletal warrior is lightly damaged.
Your +3 spectral lajatang hits the skeletal warrior.
The skeletal warrior hits your +3 spectral lajatang with a +1 dire flail!!
Your spectral weapon shares its damage with you!
* * * LOW HITPOINT WARNING * * *
You hit the skeletal warrior.
You headbutt the skeletal warrior, but do no damage.
The skeletal warrior is moderately damaged.
Your +3 spectral lajatang hits the skeletal warrior!
You closely miss the skeletal warrior. You slash the skeletal warrior!
The skeletal warrior is lightly damaged.
The skeletal warrior hits you with a +0 mace!
* * * LOW HITPOINT WARNING * * *
The skeletal warrior hits you with a +1 dire flail!!
You die...

# .# ### .# #..
..# #.##♣∩♣ ###
#.#... ....
##@#.#♣#####.#..
#(zz............
####.##........#
#...........#
###..<.....##
#........!.
#.#.######.
.....# #.#....


You could see 2 skeletal warriors and a friendly +3 spectral lajatang.

Vanquished Creatures
  Snorg (D:10)
  Josephine (D:10)
  2 vault guards (Bailey)
  A centaur warrior (D:13)
  A boulder beetle (D:12)
  2 two-headed ogres
  A tengu warrior (D:13)
  An oklob plant (D:10)
  A cyclops (D:12)
  A manticore (D:11)
  2 unseen horrors
  A kobold demonologist (D:8)
  A komodo dragon (D:7)
  4 trolls
  Prince Ribbit (Bailey)
  2 slime creatures (D:12)
  A shadow (D:9)
  4 yaks
  A vampire (D:12)
  2 humans (Bailey)
  A wyvern (D:10)
  5 wraiths (D:10)
  2 basilisks
  4 vampire mosquitoes (D:12)
  3 steam dragons
  An acid dragon (D:8)
  3 water moccasins
  6 ogres
  2 black bears
  11 orc warriors
  4 centaurs
  4 kobold brigands
  14 bullfrogs
  8 gnoll sergeants
  3 scorpions
  A wight (D:8)
  A killer bee (D:8)
  3 howler monkeys (D:9)
  A jelly (D:8)
  4 orc priests
  6 sleepcaps
  Crazy Yiuf (D:2)
  5 iguanas
  16 orc wizards
  9 gnolls
  6 adders
  A shadow imp (D:7)
  4 white imps
  An ufetubus (D:7)
  3 worms
  9 dart slugs
  48 orcs
  4 endoplasms
  7 giant cockroaches
  18 goblins
  13 hobgoblins
  6 jackals
  5 quokkas
  8 ball pythons
  8 bats
  2 frilled lizards
  27 kobolds
  6 rats
  A spectral goblin (D:3)
326 creatures vanquished.

Notes
Turn   | Place    | Note
-------+----------+-------------------------------------------
     0 | D:1      | HallandMoats the Demonspawn Fighter began the quest for the
                  | Orb.
     0 | D:1      | Reached XP level 1. HP: 18/18 MP: 1/1
    68 | D:1      | Reached skill level 1 in Invocations
   166 | D:1      | Gained mutation: You are partially covered in yellow
                  | scales. (AC +2) [demonic ancestry]
   166 | D:1      | Reached XP level 2. HP: 6/24 MP: 1/3
   335 | D:1      | Reached skill level 2 in Invocations
   533 | D:1      | Found a faded altar of an unknown god.
   642 | D:1      | Gained mutation: Spells you cast may paralyse adjacent
                  | enemies. [demonic ancestry]
   642 | D:1      | Reached XP level 3. HP: 29/29 MP: 4/4
   873 | D:2      | Reached skill level 3 in Invocations
  1020 | D:2      | Found Waug's Jewellery Shoppe.
  1037 | D:2      | Reached XP level 4. HP: 34/37 MP: 6/6
  1704 | D:2      | Found a runed translucent door.
  1705 | D:2      | Noticed Crazy Yiuf
  1713 | D:2      | Killed Crazy Yiuf
  1714 | D:2      | Reached skill level 4 in Invocations
  1757 | D:3      | Gained mutation: You are mostly covered in yellow scales.
                  | (AC +3) [demonic ancestry]
  1757 | D:3      | Reached XP level 5. HP: 37/43 MP: 8/8
  2108 | D:3      | Found a sparkling altar of Nemelex Xobeh.
  2447 | D:3      | Found a hazy altar of Hepliaklqana.
  2569 | D:4      | Found a staircase to the Ecumenical Temple.
  2591 | Temple   | Entered the Ecumenical Temple
  2596 | Temple   | Became a worshipper of Warmaster Okawaru
  2638 | D:4      | Reached skill level 5 in Fighting
  2638 | D:4      | Reached skill level 5 in Invocations
  2751 | D:4      | Reached XP level 6. HP: 29/51 MP: 8/10
  2866 | D:4      | Found a shimmering blue altar of Sif Muna.
  2873 | D:4      | Found an ancient bone altar of Kikubaaqudgha.
  2873 | D:4      | Found a shadowy altar of Dithmenos.
  3523 | D:5      | Entered Level 5 of the Dungeon
  3622 | D:5      | Reached skill level 6 in Invocations
  3655 | D:5      | Found a basalt altar of Yredelemnul.
  3746 | D:5      | Reached * piety under Okawaru
  3781 | D:5      | Gained mutation: You have a pair of small horns on your
                  | head. [demonic ancestry]
  3781 | D:5      | Reached XP level 7. HP: 58/58 MP: 10/12
  3847 | D:5      | Identified the +4 short sword of Tuipp {drain, rPois MP+9
                  | Str+5 Stlth+}
  3919 | D:5      | You fall into a shaft and drop 3 floors!
  4038 | D:8      | Reached skill level 7 in Invocations
  4218 | D:7      | Reached ** piety under Okawaru
  4219 | D:7      | Reached skill level 8 in Invocations
  4317 | D:7      | Found Moasyat's Distillery.
  4331 | D:7      | Bought a potion of curing for 48 gold pieces
  4439 | D:7      | Found a flagged portal.
  4451 | Bailey   | Entered a bailey
  4457 | Bailey   | Gained mutation: You have a pair of horns on your head.
                  | [demonic ancestry]
  4457 | Bailey   | Reached XP level 8. HP: 67/67 MP: 14/14
  4498 | Bailey   | Reached skill level 9 in Invocations
  4498 | Bailey   | Reached *** piety under Okawaru
  4637 | Bailey   | Noticed a vault guard
  4637 | Bailey   | Noticed Prince Ribbit
  4648 | Bailey   | Killed Prince Ribbit
  4649 | Bailey   | Reached skill level 10 in Invocations
  4652 | Bailey   | Killed a vault guard
  4652 | Bailey   | Reached **** piety under Okawaru
  4653 | Bailey   | Reached skill level 11 in Invocations
  4653 | Bailey   | Gained mutation: Spells you cast may paralyse nearby
                  | enemies. [demonic ancestry]
  4653 | Bailey   | Reached XP level 9. HP: 71/76 MP: 17/17
  4711 | Bailey   | Noticed a vault guard
  4722 | Bailey   | HP: 1/76 [vault guard/+0 broad axe (9)]
  4727 | Bailey   | Killed a vault guard
  4727 | Bailey   | Received a gift from Okawaru
  4727 | Bailey   | Reached ***** piety under Okawaru
  4728 | Bailey   | Reached skill level 10 in Fighting
  4728 | Bailey   | Reached skill level 12 in Invocations
  4946 | Bailey   | Received a gift from Okawaru
  5183 | D:7      | Found Samuill's Antique Armour Shoppe.
  5217 | D:7      | Found Pioprent's Weapon Emporium.
  5311 | D:7      | Noticed a komodo dragon
  5326 | D:7      | Killed a komodo dragon
  5327 | D:7      | Reached skill level 13 in Invocations
  5327 | D:7      | Reached XP level 10. HP: 54/86 MP: 19/19
  5455 | D:7      | Found Kowas's Armour Emporium.
  5528 | D:7      | Found a snail-covered altar of Cheibriados.
  5532 | D:7      | Identified the +1 ring mail of the Trilobite {rElec rF+
                  | Slay-4}
  6754 | D:8      | Found a burning altar of Makhleb.
  6964 | D:8      | Reached skill level 14 in Invocations
  7311 | D:8      | Found a runed translucent gate.
  7311 | D:8      | Found a runed translucent gate.
  7339 | D:8      | Noticed a two-headed ogre
  7349 | D:8      | Killed a two-headed ogre
  7501 | D:8      | Found a runed translucent gate.
  7520 | D:8      | Noticed olmar's ghost (novice DgSh)
  7526 | D:8      | Found a viscous altar of Jiyva.
  7539 | D:8      | Received a gift from Okawaru
  7558 | D:8      | Noticed a sixfirhy
  7566 | D:8      | Noticed a rust devil
  7884 | D:8      | Received a gift from Okawaru
  7885 | D:8      | Reached skill level 15 in Invocations
  8218 | D:9      | Identified a scroll of acquirement
  8218 | D:9      | Acquired a manual of Invocations
  8575 | D:9      | Found a stormy altar of Qazlal.
  8826 | D:9      | Found a shimmering altar of Xom.
  8942 | D:9      | Found a hide-covered altar of Uskayaw.
  8942 | D:9      | Found a sacrificial altar of Ru.
  9126 | D:10     | Entered Level 10 of the Dungeon
  9152 | D:10     | Gained mutation: You regenerate a little health from kills.
                  | [demonic ancestry]
  9152 | D:10     | Reached XP level 11. HP: 82/96 MP: 18/22
  9195 | D:10     | Reached skill level 16 in Invocations
  9577 | D:10     | Found Cits's Magic Scroll Emporium.
  9675 | D:10     | Noticed Josephine
  9685 | D:10     | Killed Josephine
  9690 | D:10     | Reached skill level 17 in Invocations
  9883 | D:10     | Received a gift from Okawaru
  9901 | D:10     | Noticed a two-headed ogre
  9906 | D:10     | Noticed Snorg
 10093 | D:10     | Killed a two-headed ogre
 10405 | D:9      | Reached skill level 18 in Invocations
 10426 | D:10     | Killed Snorg
 10552 | D:10     | Found a staircase to the Lair.
 10553 | D:10     | Noticed an oklob plant
 10560 | D:10     | Killed an oklob plant
 10694 | D:10     | Found a staircase to the Orcish Mines.
 10788 | D:10     | Reached ****** piety under Okawaru
 10792 | D:10     | Received a gift from Okawaru
 11034 | D:11     | Reached skill level 19 in Invocations
 11055 | D:11     | Found a sacrificial altar of Ru.
 11580 | D:12     | Noticed a boulder beetle
 12056 | D:12     | Gained mutation: You punish those that try to bend your
                  | will. (Will+) [demonic ancestry]
 12056 | D:12     | Reached XP level 12. HP: 99/107 MP: 22/25
 12183 | D:12     | Killed a boulder beetle
 12365 | D:12     | Reached skill level 20 in Invocations
 12381 | D:12     | HP: 1/108 [large slime creature (7)]
 12384 | D:13     | Noticed a centaur warrior
 12387 | D:13     | HP: 3/108 [centaur warrior/arrow (9)]
 12395 | D:13     | Killed a centaur warrior
 12864 | D:13     | Noticed a tengu warrior
 12872 | D:13     | Killed a tengu warrior
 13014 | D:14     | Found Vetzeifo's Magic Scroll Emporium.
 13021 | D:14     | HP: 7/162 [skeletal warrior/+0 mace (9)]
 13021 | D:14     | Mangled by a skeletal warrior

Illustrated notes

Levels and vault maps discovered:
D:1:      mushboom_english_gardens, layout_loops_cross,
          ebering_ecumenical_altar_hall
D:2:      layout_basic, serial_shops, shop, uniq_crazy_yiuf_cottage
D:3:      layout_loops_ring, nemelex_spade_bored_becter,
          nicolae_hepliaklqana_monster_ancestors
D:4:      cheibrodos_greedy_goblins, layout_basic, minitemple,
          minmay_temple_entry_arrows
D:5:      layout_cave_pools, mainiacjoe_overflow_chevrons
D:6:      layout_cave_pools
D:7:      black_bear_nest_2, layout_rooms, mainiacjoe_overflow_24_doors,
          serial_shops, nicolae_shop_tiny_real_fake_doors, shop, shop, shop,
          enter_bailey_5, serial_curves, eino_curves_03, eino_curves_01,
          bh_walls_and_bars
D:8:      minmay_s_stair_smasher, layout_basic,
          mainiacjoe_overflow_surrounded_room, zin_scriptorium,
          gammafunk_ghost_ooze, minmay_puff
D:9:      layout_basic, old_standard_altar, nicolae_qazlal_scattered_showers,
          gammafunk_temple_overflow_wave
D:10:     layout_basic, old_standard_altar, dpeg_oklobed_lair,
          kennysheep_orc_monster_closet_entryway, serial_shops,
          nicolae_shop_back_alley_shop, uniq_josephine, uniq_snorg
D:11:     layout_basic, nicolae_ru_great_annihilating_truth
D:12:     layout_irregular_city
D:13:     layout_basic, grunt_vaults_entry_fortified
D:14:     minmay_the_grid_square_5x5_5x5
          [minmay_the_grid_square_5x5_doubleslash,
          minmay_the_grid_square_5x5_spiral_small,
          minmay_the_grid_square_5x5_moneybag,
          minmay_the_grid_square_5x5_minibox, minmay_the_grid_square_5x5_fat_x,
          minmay_the_grid_square_5x5_one_wall,
          minmay_the_grid_square_5x5_prize_itemx,
          minmay_the_grid_square_5x5_mess,
          minmay_the_grid_square_5x5_prize_open, minmay_the_grid_square_5x5_v,
          minmay_the_grid_square_5x5_tri_point,
          minmay_the_grid_square_5x5_three,
          minmay_the_grid_square_5x5_prize_snowflake,
          minmay_the_grid_square_5x5_eight,
          minmay_the_grid_square_5x5_half_checkered,
          minmay_the_grid_square_5x5_beaten_path,
          minmay_the_grid_square_5x5_prize_gold,
          minmay_the_grid_square_5x5_lines,
          minmay_the_grid_square_5x5_prize_pseudospiral,
          minmay_the_grid_square_5x5_pentomino_r,
          minmay_the_grid_square_5x5_trominoes,
          minmay_the_grid_square_5x5_shrine1,
          minmay_the_grid_square_5x5_n_small,
          minmay_the_grid_square_5x5_gyroscope,
          minmay_the_grid_square_5x5_eight_small], layout_basic, serial_shops,
          nicolae_shop_trees, serial_aquarium, aquarium_bridge_square
          [aquarium_subvault_wall, aquarium_subvault_balcony,
          aquarium_subvault_wall, aquarium_subvault_bridge],
          aquarium_window_corner, aquarium_window_corridor_1,
          aquarium_window_fake, aquarium_view_2d, aquarium_pool_double
Temple:   hellmonk_temple_micro_hex

Skill      XL: |  1  2  3  4  5  6  7  8  9 10 11 12 |
---------------+-------------------------------------+-----
Invocations    | 1 2 3 4 5 6 8 11 13 15 19 20 | 20.6
Fighting       | 4 5 6 7 9 10 12 14 | 14.6
Long Blades    | |  1.7
Armour         | |  2.6
Shields        | |  2.6

Action                     |  1- 3 |  4- 6 |  7- 9 | 10-12 || total
---------------------------+-------+-------+-------+-------++-------
  Melee: Long sword        |   126 |   205 |     5 |       ||   336
         Short sword       |       |       |   150 |   175 ||   325
         Headbutt          |       |       |    46 |   118 ||   164
         Lajatang          |       |       |       |   302 ||   302
 Invoke: Heroism           |       |       |     1 |     2 ||     3
    Use: Potion            |       |     1 |     1 |    13 ||    15
         Scroll            |       |       |    12 |    18 ||    30
   Stab: Distracted        |       |       |       |     1 ||     1
         Invisible         |       |       |       |     1 ||     1
         Paralysed         |       |       |       |     1 ||     1
 Armour: Scale mail        |    79 |   123 |    70 |    29 ||   301
         Steam dragon scal |       |       |       |   126 ||   126
         Troll leather arm |       |       |       |   142 ||   142
  Dodge: Dodged            |    57 |    77 |    54 |   239 ||   427
  Block: Buckler           |    24 |    45 |    84 |    71 ||   224
         Reflection        |       |       |     5 |    11 ||    16

Table legend: (Time is in decaauts)
 A = Elapsed time spent in this place.
 B = Non-inter-level travel time spent in this place.
 C = Inter-level travel time spent in this place.
 D = Time resting spent in this place.
 E = Time spent auto-exploring this place.
 F = Levels seen in this place.
 G = Mean time per level.
                   A        B        C        D        E       F      G
               +--------+--------+--------+--------+--------+-----+--------+
         Total |  13280 |  13123 |    157 |   2094 |   7871 |  16 |  830.0 |
       Dungeon |  12633 |  12476 |    157 |   1731 |   7814 |  14 |  902.4 |
        Temple |     11 |     11 |      0 |      0 |      0 |   1 |   11.0 |
        Bailey |    635 |    635 |      0 |    363 |     56 |   1 |  635.0 |
               +--------+--------+--------+--------+--------+-----+--------+

Top non-repeatable levels by time:
     D:8: 1746 daAuts
    D:10: 1424 daAuts
     D:9: 1344 daAuts
    D:12: 1336 daAuts
     D:7: 1284 daAuts
     D:4: 1010 daAuts
     D:2: 949 daAuts
     D:1: 846 daAuts
     D:3: 802 daAuts
  Bailey: 635 daAuts
     D:5: 581 daAuts
    D:11: 511 daAuts
     D:6: 465 daAuts
    D:13: 258 daAuts
    D:14: 71 daAuts
